 Dungeon Crawl Stone Soup version 0.30-a0-567-gf7fd966b4a (webtiles) character file.

Game seed: 1616471208588398420

123278 zero the Eclecticist (level 16, -7/97 HPs)
             Began as a Gargoyle Earth Elementalist on Dec 28, 2022.
             Was a High Priest of Vehumet.
             Shot with a bolt by Vashnia (34 damage)
             ... on level 3 of the Snake Pit.
             The game lasted 00:55:18 (25373 turns).

zero the Eclecticist (Gargoyle Earth Elementalist) Turns: 25373, Time: 00:55:18

Health: -7/97      AC: 33    Str: 12    XL:     16   Next: 90%
Magic:  29/37      EV: 11    Int: 38    God:    Vehumet [*****.]
Gold:   329        SH:  3    Dex: 12    Spells: 5/49 levels left

rFire   + + +      SeeInvis +    I - staff of fire
rCold   + + +      Faith    .    x - +0 buckler
rNeg    + . .      Spirit   .    N - +2 robe {rC+ rF+}
rPois   ∞          Reflect  .    V - +2 helmet {SInv}
rElec   +          Harm     .    M - +2 cloak {Stlth+}
rCorr   .          Rampage  .    W - +5 pair of gloves "Joashril" {-Tele rPois rF+ Int+8}
Will    +....      NoTele   +    O - +2 pair of boots
Stlth   ++++                     e - amulet of magic regeneration
HPRegen 0.36/turn                U - ring of wizardry
MPRegen 0.65/turn                Q - ring of Foxy {Drain rPois rC++ Int+6 Dex+2}

@: flying, slowed, very slow
A: sickness immunity, AC +12, big wings, negative energy resistance 1,
electricity resistance, torment resistance 1, petrification resistance
a: Renounce Religion


You were on level 3 of the Snake Pit.
You worshipped Vehumet.
Vehumet was extremely pleased with you.
You visited 5 branches of the dungeon, and saw 26 of its levels.

You collected 3189 gold pieces.
You spent 2860 gold pieces at shops.

Inventory:

Hand Weapons
 i - the +4 dagger "Aciom" {freeze, rC+ rN+ SInv}
   (You found it on level 11 of the Dungeon)

   It freezes those it strikes, dealing additional cold damage.
   It can also slow down cold-blooded creatures.
   rC:        It protects you from cold.
   rN:        It protects you from negative energy.
   SInv:      It lets you see invisible.
 L - the +11 spear of Vuul {freeze, *Corrode Int+5}
   (You found it on level 7 of the Dungeon)

   It freezes those it strikes, dealing additional cold damage.
   It can also slow down cold-blooded creatures.
   Int:       It affects your intelligence (+5).
   *Corrode:  It may corrode you when you take damage.
Missiles
 C - a throwing net
Armour
 x - a +0 buckler (worn)
 M - a +2 cloak of stealth (worn)
 N - a +2 robe of resistance (worn)
 O - a +2 pair of boots (worn)
 V - a +2 helmet of see invisible (worn)
 W - the +5 pair of gloves "Joashril" (worn) {-Tele rPois rF+ Int+8}
   (You bought it in a shop on level 2 of the Orcish Mines)

   Int:       It affects your intelligence (+8).
   rF:        It protects you from fire.
   rPois:     It protects you from poison.
   -Tele:     It prevents most forms of teleportation.
Magical Staves
 I - a staff of fire (weapon)
 T - a staff of conjuration {!a}
Jewellery
 d - a ring of magical power
 e - an amulet of magic regeneration (around neck)
 s - a ring of resist corrosion
 Q - the ring of Foxy (right hand) {Drain rPois rC++ Int+6 Dex+2}
   (You bought it in a shop on level 2 of the Orcish Mines)

   [ring of intelligence]

   Int:       It affects your intelligence (+6).
   Dex:       It affects your dexterity (+2).
   rC:        It greatly protects you from cold.
   rPois:     It protects you from poison.
   Drain:     It drains your maximum health when unequipped.
 R - a ring of magical power
 U - a ring of wizardry (left hand)
Wands
 a - a wand of roots (4)
 k - a wand of flame (7)
 u - a wand of mindburst (9)
 z - a wand of charming (23)
 J - a wand of acid (6)
 P - a wand of polymorph (5)
Scrolls
 f - 4 scrolls of amnesia
 l - 3 scrolls of blinking
 m - 13 scrolls of identify
 y - 9 scrolls of teleportation
 D - 4 scrolls of poison
 F - 2 scrolls of fear
 S - 2 scrolls of fog
Potions
 g - 4 potions of brilliance
 h - 2 potions of heal wounds
 j - 8 potions of curing
 n - 2 potions of resistance
 p - 5 potions of mutation
 q - 4 potions of attraction
 r - a potion of cancellation
 v - 4 potions of lignification
 w - 8 potions of might
 B - 3 potions of ambrosia
 E - 6 potions of berserk rage
 G - 3 potions of haste
Miscellaneous
 b - a phial of floods (inert)
 o - a box of beasts (inert)
 t - a lightning rod (4/4)
 H - a condenser vane (inert)


   Skills:
 - Level 10.0 Fighting
 - Level 1.0 Ranged Weapons
 - Level 8.0 Armour
 - Level 1.5 Dodging
 - Level 5.0 Stealth
 + Level 17.4 Spellcasting
 + Level 10.3 Conjurations
 * Level 3.1 Summonings
 - Level 2.0 Translocations
 - Level 6.0 Transmutations
 + Level 12.4 Fire Magic
 + Level 7.5 Ice Magic
 - Level 8.0 Earth Magic
 - Level 3.0 Evocations


You had 5 spell levels left.
You knew the following spells:

 Your Spells              Type           Power      Damage    Failure   Level
a - Iron Shot             Conj/Erth      40%        9d8       1%          6
b - Stone Arrow           Conj/Erth      100%       3d13      1%          3
c - Irradiate             Conj/Tmut      38%        3d24      1%          5
d - Ignition              Fire           56%        3d15      6%          8
e - Fireball              Conj/Fire      54%        3d21      1%          5
f - Blink                 Tloc           96%        N/A       1%          2
g - Apportation           Tloc           96%        N/A       1%          1
h - Ozocubu's Refrigerat  Ice            37%        4d15      6%          7
i - Spellforged Servitor  Conj/Summ      35%        N/A       8%          7

Your spell library contained the following spells:

 Spells                   Type           Power      Damage    Failure   Level
 Eringya's Noxious Bog    Tmut/Pois      27%        N/A       7%          6
 Scorch                   Fire           100%       2d10      0%          2
 Necrotise                Necr           100%       1d9       1%          1
 Sandblast                Erth           100%       2d20      1%          1
 Shock                    Conj/Air       100%       1d9       1%          1
 Summon Small Mammal      Summ           100%       N/A       1%          1
 Passwall                 Tmut/Erth      60%        N/A       1%          2
 Call Canine Familiar     Summ           55%        N/A       1%          3
 Gell's Gravitas          Tloc           48%        N/A       1%          3
 Lesser Beckoning         Tloc           96%        N/A       1%          3
 Ozocubu's Armour         Ice            74%        N/A       1%          3
 Summon Guardian Golem    Hex/Summ       45%        N/A       1%          3
 Teleport Other           Tloc           48%        N/A       1%          3
 Vampiric Draining        Necr           33%        2d8       1%          3
 Flame Wave               Conj/Fire      100%       2d21      1%          4
 Olgreb's Toxic Radiance  Pois           33%        N/A       1%          4
 Petrify                  Tmut/Erth      72%        N/A       1%          4
 Freezing Cloud           Conj/Ice/Air   34%        6-21      1%          5
 Iskenderun's Battlesphe  Conj           84%        2d13      1%          5
 Manifold Assault         Tloc           48%        N/A       2%          4
 Metabolic Englaciation   Hex/Ice        29%        N/A       3%          5
 Dispel Undead            Necr           33%        3d14      5%          4
 Agony                    Necr           33%        N/A       14%         5
 Orb of Destruction       Conj           42%        9d12      1%          7
 Conjure Ball Lightning   Conj/Air       32%        3x3d10    3%          6
 Simulacrum               Ice/Necr       29%        N/A       16%         6
 Summon Cactus Giant      Summ           27%        N/A       21%         6
 Dispersal                Tloc           24%        N/A       32%         6
 Death Channel            Necr           16%        N/A       58%         6
 Storm Form               Tmut/Air       27%        N/A       75%         7
 Polar Vortex             Ice            37%        N/A       98%         9
 Disjunction              Tloc           24%        N/A       100%        8
 Cigotuvi's Dreadful Rot  Necr/Pois/Air  Unusable   N/A       N/A         2

Dungeon Overview and Level Annotations

Branches:
Dungeon (15/15)            Temple (1/1) D:5            Lair (5/5) D:9
 Shoals (0/4) Lair:2        Snake (2/4) Lair:3        Slime (0/5) Lair:5
    Orc (2/2) D:11            Elf (0/3) Orc:2        Vaults (0/5) D:13
 Depths (0/4) D:15

Altars:
Ashenzari
Cheibriados
Dithmenos
Elyvilon
Fedhas
Gozag
Hepliaklqana
Kikubaaqudgha
Makhleb
Nemelex Xobeh
Okawaru
Qazlal
Ru
Sif Muna
Trog
Uskayaw
Vehumet
Wu Jian
Xom
Yredelemnul
Zin
The Shining One

Shops:
D:8 :=   Orc:2 ([*=   Snake:1 :(:

Portals:
Trove: D:14 (give +5 demon trident)

Annotations:
Snake:3 Vashnia


Innate Abilities, Weirdness & Mutations

You are immune to sickness and miasma.
Your stone body is resilient. (AC +12)
You are immune to poison.
Your large and strong wings let you fly.
You resist negative energy. (rN+)
You are resistant to electric shocks. (rElec)
You are resistant to unholy torment.
You are immune to petrification.


Message History

Aim: a salamander, wielding a +0 halberd (lightly wounded, very poisoned, 85% to hit)
The iron shot hits the salamander!!!
The salamander is almost dead.
Vashnia shoots a bolt.
The bolt completely misses you.
The salamander misses your spellforged servitor.
A salamander mystic comes into view. It is wielding a +0 quarterstaff.
Casting: Iron Shot (dangerous; 1% risk of failure)
Confirm with . or Enter, or press ? or * to list all spells.
Aiming: Stone Arrow (safe; 1% risk of failure)
Press: ? - help, Shift-Dir - straight line, f/p - salamander
Aim: a salamander, wielding a +0 halberd (almost dead, very poisoned, 87% to hit)
The stone arrow hits the salamander!
You kill the salamander!
Vehumet accepts your kill.
You feel your power returning.
The guardian serpent coils itself and waves its upper body at you.
You feel yourself slow down.
Vashnia shoots a bolt.
The bolt hits you!!
The salamander hits your spellforged servitor from afar with a +0 glaive.
Your spellforged servitor is engulfed in flames.
Your spellforged servitor resists.
The salamander mystic is engulfed in poison gas.
The salamander mystic is poisoned.
Your spellforged servitor casts a spell at Vashnia.
The iron shot hits the salamander!!
The salamander dies!
Vehumet accepts your kill.
You hear a shout!
You feel better.
The salamander mystic is engulfed in poison gas.
The salamander mystic looks even sicker.
Vashnia shoots a bolt.
The bolt hits you!
* * * LOW HITPOINT WARNING * * *
A naga warrior comes into view. It is wielding a +0 hand axe.
Your larval stingfire beast breathes flames at Vashnia.
The blast of flame hits your spellforged servitor.
Your spellforged servitor resists.
The blast of flame hits the salamander mystic.
The salamander mystic completely resists.
The blast of flame misses Vashnia.
Vashnia shoots a bolt.
The bolt hits you!!
You die...

N# . #. #.# #.##
##.### ##....#
###.)...##
..#####..)@S)..#
........†......§N§.
...............§§§.
............H..§§§#
...##........9N..##
.# ##.........)§#
#..........§N.
#..........§§#
##........


You could see Vashnia (waterlogged, ally target), a naga warrior, a salamander
mystic (distracted, very poisoned), a guardian serpent (ally target), a friendly
larval stingfire beast (summoned, catching breath) and a friendly spellforged
servitor (summoned).

Vanquished Creatures
  Gastronok (Lair:2)
  Louise (D:15)
  An orc warlord (Orc:2)
  Azrael (Orc:2)
  2 fire dragons
  Josephine (D:10)
  An entropy weaver (shapeshifter) (D:15)
  A rakshasa (D:14)
  6 hydras
  A catoblepas (Lair:3)
  A death knight (D:15)
  Erica (D:8)
  5 naga warriors
  6 centaur warriors
  7 two-headed ogres
  6 death yaks
  2 boulder beetles
  2 tengu warriors (D:15)
  A naga sharpshooter (Snake:3)
  3 orc high priests (Orc:2)
  2 shock serpents
  Sonja (D:12)
  9 skeletal warriors
  A deep troll (D:13)
  Pikel (D:4)
  A wizard (D:14)
  A naga ritualist (Snake:2)
  A necromancer (D:15)
  5 orc knights
  8 orc sorcerers
  A mana viper (Snake:1)
  3 deep elf pyromancers
  7 lindwurms
  A deep elf zephyrmancer (D:15)
  8 ugly things
  2 wolf spiders
  6 cyclopes
  4 salamanders
  A manticore (D:11)
  2 naga magi
  15 black mambas
  Maurice (D:8)
  6 orange demons (D:10)
  3 unseen horrors
  Psyche (D:8)
  11 cane toads
  4 centaur skeletons (D:15)
  A gargoyle (D:13)
  6 torpor snails
  Maggie (D:7)
  3 freezing wraiths
  A komodo dragon (shapeshifter) (D:9)
  3 rime drakes
  2 unseen horror zombies (D:8)
  A cane toad (shapeshifter) (D:15)
  2 kobold demonologists (D:13)
  A rime drake (shapeshifter) (D:14)
  2 yaktaurs (D:15)
  10 komodo dragons
  2 efreet (D:14)
  A tengu conjurer (D:14)
  A red devil (D:10)
  6 trolls
  9 hornets
  2 tyrant leeches (Lair:5)
  Prince Ribbit (D:5)
  A raiju (shapeshifter) (D:13)
  27 blink frogs
  16 dream sheep
  A centaur simulacrum (D:14)
  A jumping spider (shapeshifter) (D:13)
  A shadow (D:10)
  6 wyverns
  A vampire (D:11)
  Sigmund (D:3)
  10 wraiths
  48 yaks
  3 fire elementals (Orc:2)
  Grum (D:8)
  A hog (shapeshifter) (D:13)
  4 steam dragons
  3 basilisks
  13 vampire mosquitoes
  11 nagas
  7 wargs
  Menkaure (D:6)
  5 acid dragons
  2 black bears
  4 hell hounds
  14 water moccasins
  25 orc warriors
  2 ice beasts
  A sky beast (D:7)
  2 ogres (Orc:1)
  33 wolves
  2 hornet zombies
  3 phantoms
  4 lemures (D:4)
  17 centaurs
  7 kobold brigands
  2 necrophages
  Blork the orc (D:6)
  12 bullfrogs
  A gnoll sergeant (D:13)
  24 wights
  8 killer bees (D:10)
  4 howler monkeys
  2 electric eels (D:8)
  A crimson imp (D:6)
  11 jellies
  4 gnoll boudas
  4 hounds
  18 orc priests
  6 iguanas
  18 orc wizards
  2 killer bee zombies (D:8)
  22 gnolls
  9 adders
  A shadow imp (D:8)
  2 white imps
  2 worms
  2 dart slugs
  60 orcs
  11 bats
  7 endoplasms
  3 giant cockroaches
  6 goblins
  5 hobgoblins
  3 quokkas
  8 ball pythons
  A frilled lizard (D:1)
  20 kobolds
  5 rats
  3 butterflies (Lair:2)
777 creatures vanquished.

Vanquished Creatures (collateral kills)
  A salamander (Snake:3)
  A guardian serpent (Snake:3)
  A black mamba (Snake:3)
  A yaktaur (D:15)
  2 nagas (Snake:2)
6 creatures vanquished.

Vanquished Creatures (others)
  A howler monkey (D:7)
  31 fungi
  51 plants
83 creatures vanquished.

Grand Total: 866 creatures vanquished

Notes
Turn   | Place    | Note
-------+----------+-------------------------------------------
     0 | D:1      | zero the Gargoyle Earth Elementalist began the quest for
                  | the Orb.
     0 | D:1      | Reached XP level 1. HP: 10/10 MP: 3/3
   284 | D:1      | Reached XP level 2. HP: 15/15 MP: 3/5
   352 | D:1      | Reached skill level 1 in Conjurations
   729 | D:1      | Reached XP level 3. HP: 19/19 MP: 6/6
   733 | D:1      | Learned a level 3 spell: Stone Arrow
  1636 | D:3      | Noticed Sigmund
  1639 | D:3      | Killed Sigmund
  1640 | D:3      | Reached skill level 1 in Ranged Weapons
  1640 | D:3      | Reached skill level 3 in Spellcasting
  1640 | D:3      | Reached skill level 5 in Earth Magic
  1640 | D:3      | Reached XP level 4. HP: 24/24 MP: 2/9
  1640 | D:3      | Reached XP level 5. HP: 28/28 MP: 2/10
  1766 | D:3      | Found a faded altar of an unknown god.
  2038 | D:4      | Reached XP level 6. HP: 32/32 MP: 9/11
  2221 | D:4      | Found a glowing silver altar of Zin.
  2221 | D:4      | Found a broken altar of Ashenzari.
  2570 | D:4      | Reached skill level 4 in Spellcasting
  2597 | D:4      | Learned a level 5 spell: Fireball
  2679 | D:4      | Reached XP level 7. HP: 28/36 MP: 4/13
  2692 | D:4      | Learned a level 1 spell: Apportation
  2983 | D:5      | Entered Level 5 of the Dungeon
  2988 | D:4      | Reached skill level 1 in Fire Magic
  3189 | D:5      | Noticed Pikel
  3435 | D:4      | Killed Pikel
  3436 | D:4      | Reached skill level 5 in Spellcasting
  3436 | D:4      | Reached skill level 5 in Conjurations
  3436 | D:4      | Reached XP level 8. HP: 17/41 MP: 1/16
  3586 | D:5      | Found a shadowy altar of Dithmenos.
  3587 | D:5      | Found a basalt altar of Yredelemnul.
  3652 | D:4      | Reached skill level 6 in Spellcasting
  3787 | D:5      | Found a staircase to the Ecumenical Temple.
  3827 | Temple   | Entered the Ecumenical Temple
  4061 | Temple   | Became a worshipper of Vehumet
  4203 | D:5      | Reached skill level 5 in Fire Magic
  4236 | D:6      | Noticed Prince Ribbit
  4243 | D:5      | Killed Prince Ribbit
  4244 | D:5      | Reached XP level 9. HP: 45/45 MP: 8/18
  4263 | D:6      | Noticed Menkaure
  4269 | D:6      | Killed Menkaure
  4277 | D:6      | Reached skill level 1 in Fighting
  4297 | D:6      | Noticed Blork the orc
  4301 | D:6      | Killed Blork the orc
  5071 | D:7      | Reached * piety under Vehumet
  5071 | D:7      | Offered knowledge of Foxfire by Vehumet.
  5072 | D:7      | Reached skill level 7 in Spellcasting
  5220 | D:7      | Noticed Maggie
  5226 | D:7      | Killed Maggie
  5298 | D:7      | Reached XP level 10. HP: 51/56 MP: 10/21
  5535 | D:7      | Reached skill level 8 in Spellcasting
  5571 | D:7      | Identified the +11 spear of Vuul {freeze, *Corrode Int+5}
  5632 | D:7      | Offered knowledge of Magic Dart by Vehumet.
  5852 | D:8      | Reached ** piety under Vehumet
  5977 | D:8      | Noticed Grum
  5985 | D:8      | Killed Grum
  6082 | D:8      | Noticed Maurice
  6090 | D:8      | Killed Maurice
  6214 | D:8      | Found Imolaera's Vocational Training.
  6250 | D:8      | Noticed Psyche
  6387 | D:8      | Killed Psyche
  6554 | D:8      | Noticed a two-headed ogre
  6558 | D:8      | Killed a two-headed ogre
  6559 | D:8      | Reached skill level 5 in Fighting
  6559 | D:8      | Reached skill level 1 in Evocations
  6559 | D:8      | Reached XP level 11. HP: 63/63 MP: 11/23
  6595 | D:8      | Found Foirec's Jewellery Shop.
  6601 | D:8      | Noticed Erica
  6608 | D:8      | Killed Erica
  6609 | D:8      | Reached skill level 9 in Spellcasting
  6637 | D:8      | Offered knowledge of Mephitic Cloud by Vehumet.
  6778 | D:8      | Noticed a two-headed ogre
  6783 | D:8      | Killed a two-headed ogre
  7200 | D:9      | Noticed a death yak
  7201 | D:9      | Noticed a death yak
  7201 | D:9      | Noticed a death yak
  7201 | D:9      | Noticed a death yak
  7420 | D:9      | Reached *** piety under Vehumet
  7489 | D:9      | Found a staircase to the Lair.
  7489 | D:9      | Noticed a death yak
  7489 | D:9      | Noticed a death yak
  7516 | D:8      | Killed a death yak
  7715 | D:9      | Reached skill level 10 in Spellcasting
  7728 | D:9      | Reached skill level 5 in Stealth
  7941 | D:9      | Noticed a two-headed ogre
  7948 | D:9      | Killed a two-headed ogre
  7948 | D:9      | Offered knowledge of Inner Flame by Vehumet.
  8015 | D:9      | Killed a death yak
  8035 | D:8      | Killed a death yak
  8036 | D:8      | Reached XP level 12. HP: 66/72 MP: 8/26
  8080 | D:9      | Killed a death yak
  8081 | D:9      | Reached skill level 11 in Spellcasting
  8204 | D:9      | Killed a death yak
  8205 | D:9      | Killed a death yak
  8391 | Lair:1   | Entered Level 1 of the Lair of Beasts
  8864 | Lair:1   | Reached skill level 12 in Spellcasting
  8870 | Lair:1   | Reached **** piety under Vehumet
  8964 | Lair:1   | Reached skill level 1 in Armour
  9245 | Lair:1   | Reached skill level 1 in Translocations
  9311 | Lair:1   | Offered knowledge of Irradiate by Vehumet.
  9323 | Lair:1   | Learned a level 5 spell: Irradiate
  9443 | Lair:2   | Reached skill level 1 in Transmutations
  9601 | Lair:2   | Noticed a seven-headed hydra
  9607 | Lair:2   | Killed a seven-headed hydra
  9718 | Lair:2   | Identified a scroll of acquirement
  9718 | Lair:2   | Acquired 761 gold pieces
  9895 | Lair:2   | Reached XP level 13. HP: 63/80 MP: 11/29
  9896 | Lair:2   | Found a staircase to the Shoals.
 10069 | Lair:2   | Noticed Gastronok
 10715 | Lair:2   | Killed Gastronok
 11499 | Lair:3   | Reached skill level 13 in Spellcasting
 11549 | Lair:3   | Reached ***** piety under Vehumet
 11554 | Lair:3   | Offered knowledge of Iron Shot by Vehumet.
 11560 | Lair:3   | Reached skill level 5 in Armour
 11560 | Lair:3   | Reached skill level 5 in Transmutations
 11667 | Lair:3   | Learned a level 6 spell: Iron Shot
 11701 | Lair:3   | Found a staircase to the Snake Pit.
 12721 | Lair:4   | Gained mutation: Your large and strong wings let you fly.
                  | [Gargoyle growth]
 12721 | Lair:4   | Reached XP level 14. HP: 87/87 MP: 31/31
 13092 | Lair:5   | Entered Level 5 of the Lair of Beasts
 13108 | Lair:5   | Reached skill level 10 in Fighting
 13253 | Lair:5   | Found a staircase to the Slime Pits.
 13380 | Lair:5   | Offered knowledge of Starburst by Vehumet.
 13428 | Lair:5   | Reached skill level 10 in Fire Magic
 13878 | Lair:5   | Found a runed translucent door.
 14022 | Lair:5   | Reached skill level 14 in Spellcasting
 14567 | D:10     | Entered Level 10 of the Dungeon
 14734 | D:10     | Noticed Josephine
 14738 | D:10     | Killed Josephine
 15686 | D:10     | Identified the +1 ring mail of the Gastropod {*Corrode rC+
                  | Will+++ Slay+2}
 16130 | D:11     | Found a staircase to the Orcish Mines.
 16140 | D:11     | Reached skill level 10 in Conjurations
 16146 | D:11     | Reached XP level 15. HP: 88/92 MP: 17/33
 16151 | D:11     | Identified the +4 dagger "Aciom" {freeze, rC+ rN+ SInv}
 16187 | D:11     | Identified the +4 falchion "Lifebane" {heavy, *Noise rC+++
                  | Str-4 Stlth+}
 16451 | D:11     | Reached skill level 15 in Spellcasting
 16690 | D:11     | Learned a level 8 spell: Ignition
 16698 | D:11     | Learned a level 7 spell: Ozocubu's Refrigeration
 17081 | D:12     | Reached skill level 1 in Ice Magic
 17288 | D:12     | Noticed Sonja
 17291 | D:12     | Killed Sonja
 17450 | D:13     | Offered knowledge of Lee's Rapid Deconstruction by Vehumet.
 18484 | D:13     | Found a gate to the Vaults.
 18980 | D:14     | Reached skill level 16 in Spellcasting
 19109 | D:14     | Found a portal to a secret trove of treasure.
 19186 | D:14     | Identified the +9 scale mail of Makhleb's Envy {*Corrode
                  | rN+++ Str+4}
 20001 | Orc:1    | Entered Level 1 of the Orcish Mines
 20048 | Orc:1    | Paralysed by an orc sorcerer for 2 turns
 20518 | Orc:2    | Entered Level 2 of the Orcish Mines
 20537 | Orc:2    | Reached skill level 5 in Ice Magic
 20588 | Orc:2    | Offered knowledge of Lightning Bolt by Vehumet.
 20594 | Orc:2    | Noticed an orc warlord
 20598 | Orc:2    | Reached XP level 16. HP: 50/97 MP: 36/36
 20911 | Orc:2    | Noticed Azrael
 21091 | Orc:2    | Killed Azrael
 21217 | Orc:2    | Reached skill level 17 in Spellcasting
 21349 | Orc:2    | Found a staircase to the Elven Halls.
 21391 | Orc:2    | Offered knowledge of Eringya's Noxious Bog by Vehumet.
 21616 | Orc:2    | Found Kumogret's Antique Armour Shoppe.
 21617 | Orc:2    | Found Fedout's Antique Weapon Shoppe.
 21619 | Orc:2    | Found Late Ythokk's General Store.
 21619 | Orc:2    | Found Putanu's Jewellery Emporium.
 21625 | Orc:2    | Bought the ring of Foxy {Drain rPois rC++ Int+6 Dex+2} for
                  | 822 gold pieces
 21625 | Orc:2    | Bought a ring of wizardry for 390 gold pieces
 21638 | Orc:2    | Bought a runed helmet for 247 gold pieces
 21638 | Orc:2    | Bought a pair of transparent gloves for 313 gold pieces
 21638 | Orc:2    | Identified the +5 pair of gloves "Joashril" {-Tele rPois
                  | rF+ Int+8} (You bought it in a shop on level 2 of the
                  | Orcish Mines)
 21993 | D:15     | Entered Level 15 of the Dungeon
 22238 | D:15     | Noticed Louise
 22244 | D:15     | Killed Louise
 22387 | D:15     | Identified the +0 plate armour of Tomorrow {rF- rCorr
                  | Int+3}
 22467 | D:15     | Paralysed by an orc sorcerer for 5 turns
 22629 | D:15     | Found a staircase to the Depths.
 23116 | D:15     | Found a stormy altar of Qazlal.
 23447 | Snake:1  | Entered Level 1 of the Snake Pit
 23456 | Snake:1  | Found Doizy's Book Shop.
 23460 | Snake:1  | Found Jamu's Antique Weapon Shop.
 23464 | Snake:1  | Bought Orilef's Codex of Blasting for 544 gold pieces
 23464 | Snake:1  | Bought an Inescapable Atlas for 544 gold pieces
 23467 | Snake:1  | Learned a level 2 spell: Blink
 23475 | Snake:1  | Learned a level 7 spell: Spellforged Servitor
 23601 | Snake:1  | Found Amisiski's Book Shoppe.
 23664 | Snake:1  | Reached skill level 1 in Summonings
 25344 | Snake:2  | You are sucked into a shaft and drop 1 floor!
 25365 | Snake:3  | Noticed Vashnia
 25373 | Snake:3  | Shot with a bolt by Vashnia

Illustrated notes

Levels and vault maps discovered:
D:1:      psy_arrival_basics, layout_loops_cross
D:2:      layout_basic, corexii_shack
D:3:      wander_river, layout_basic, hellmonk_ecumenical_altar_heavens_door,
          kennysheep_generic_room_6, uniq_sigmund
D:4:      layout_basic, gammafunk_temple_overflow_statue
D:5:      layout_rooms, mainiacjoe_overflow_divided_tiny,
          minmay_temple_entry_hall, uniq_pikel
D:6:      layout_loops_ring, serial_park_tiny_2, minmay_door_square,
          corexii_shack, minmay_fire_ice_demons, uniq_menkaure,
          uniq_prince_ribbit1, uniq_blork_the_orc
D:7:      layout_basic, minmay_starry_boxes, uniq_maggie
D:8:      statuecave_lemuel, layout_loops_ring, serial_shops,
          nicolae_shop_advertising_works [nicolae_subvault_shop_adworks],
          serial_undead, serial_undead_f, serial_undead_a, serial_undead_c,
          serial_undead_d, nicolae_shop_vocational, uniq_psyche, uniq_erica,
          uniq_maurice, uniq_grum
D:9:      layout_roguey, dpeg_lair_monsters, st_stairs_4
D:10:     minmay_the_grid_3x2 [minmay_the_grid_tree,
          minmay_the_grid_outer_circle, minmay_the_grid_minigrid_small,
          minmay_the_grid_minigrid_large, minmay_the_grid_small_cups,
          minmay_the_grid_prize_diamond_cup], layout_loops_ring,
          chequers_serial_rivers_micro_a, minmay_beelzebubs_servants,
          uniq_josephine
D:11:     layout_roguey, orc_0_dummy, minmay_lindwurm_lava
D:12:     layout_long_grid, uniq_sonja
D:13:     layout_roguey, david_vaults_4
D:14:     layout_gridville, enter_trove_1, serial_bayou_pond_a,
          minmay_pinched_square
D:15:     grunt_enter_depths_magical_seal, layout_stronghold,
          nicolae_qazlal_scattered_showers, uniq_louise
Temple:   mainiacjoe_temple_bowtie_tessellation
Lair:1:   layout_layer_cave
Lair:2:   layout_cave_pods, minmay_shoals_entry_centaurs,
          chequers_serial_rivers_room_b, lemuel_fruit_fields, uniq_gastronok
Lair:3:   gammafunk_indiana_jones, layout_long_grid,
          minmay_snake_entry_guardpost_small
Lair:4:   layout_misc_corridors, serial_bayou_shore_b
Lair:5:   wormcave, layout_gridlike, minmay_slime_entry_jelly_boxes
Snake:1:  layout_gridlike, serial_shops, nicolae_diamond_shop, minmay_shop_star
Snake:2:  layout_honeycomb, hangedman_snake_thin_pillar_pass
Snake:3:  layout_chambers, serial_shops, shop, nicolae_stop_n_shop_2,
          nicolae_shop_crystal, corexii_hall_statues_i, st_stairs_8, uniq_aizul,
          uniq_vashnia
Orc:1:    layout_diamond_mine
Orc:2:    st_orc_congregation, layout_diamond_mine, uniq_azrael

Skill      XL: |  1  2  3  4  5  6  7  8  9 10 11 12 13 14 15 16 |
---------------+-------------------------------------------------+-----
Conjurations   | 1 3 4 5 6 7 8 10 | 10.3
Earth Magic    | 4 5 6 7 8 |  8.0
Ranged Weapons | 1 |  1.0
Spellcasting   | 3 4 5 6 7 8 10 12 13 14 16 17 | 17.4
Fire Magic     | 3 5 6 7 8 9 10 11 12 | 12.4
Fighting       | 3 5 7 8 9 10 | 10.0
Stealth        | 3 5 |  5.0
Evocations     | 1 3 |  3.0
Armour         | 3 5 8 |  8.0
Translocations | 2 |  2.0
Transmutations | 2 5 6 |  6.0
Ice Magic      | 5 7 |  7.5
Summonings     | 3 |  3.1
Dodging        | |  1.5

Action                   |  1- 3 |  4- 6 |  7- 9 | 10-12 | 13-15 | 16-18 || total
-------------------------+-------+-------+-------+-------+-------+-------++-------
Melee: Dagger            |    25 |       |       |       |       |       ||    25
       Spear             |       |       |       |    24 |       |       ||    24
       Staff             |       |       |       |     4 |    29 |    12 ||    45
 Fire: Sling             |     1 |    41 |   112 |    24 |       |       ||   178
Throw: Throwing net      |       |       |       |       |     1 |       ||     1
 Cast: Sandblast         |    49 |    27 |    64 |   189 |       |       ||   329
       Stone Arrow       |     2 |    14 |    61 |    85 |   452 |    99 ||   713
       Fireball          |       |       |       |    61 |   144 |    51 ||   256
       Irradiate         |       |       |       |     2 |    30 |     6 ||    38
       Iron Shot         |       |       |       |       |    36 |    38 ||    74
       Ignition          |       |       |       |       |       |     9 ||     9
       Spellforged Servi |       |       |       |       |       |     5 ||     5
Evoke: Wand              |       |       |       |     2 |       |     1 ||     3
       Lightning rod     |       |       |       |       |       |     3 ||     3
       Box of beasts     |       |       |       |       |       |     2 ||     2
       Phial of floods   |       |       |       |       |       |     1 ||     1
       Condenser vane    |       |       |       |       |       |     1 ||     1
  Use: Potion            |       |     1 |       |       |     2 |     1 ||     4
       Scroll            |       |       |       |    21 |     8 |     2 ||    31
 Stab: Sleeping          |       |       |       |     3 |       |       ||     3
Armor: Robe              |    15 |    25 |    34 |    70 |   242 |    88 ||   474
       Leather armour    |       |       |     1 |    30 |       |       ||    31
Dodge: Dodged            |    31 |    20 |   117 |   196 |   324 |    63 ||   751
Block: Buckler           |       |     8 |    17 |    33 |    46 |    20 ||   124

Table legend: (Time is in decaauts)
 A = Elapsed time spent in this place.
 B = Non-inter-level travel time spent in this place.
 C = Inter-level travel time spent in this place.
 D = Time resting spent in this place.
 E = Time spent auto-exploring this place.
 F = Levels seen in this place.
 G = Mean time per level.
                   A        B        C        D        E       F      G
               +--------+--------+--------+--------+--------+-----+--------+
         Total |  25738 |  24260 |   1478 |   5662 |  14477 |  26 |  989.9 |
       Dungeon |  15310 |  14300 |   1010 |   3064 |   8624 |  15 | 1020.7 |
        Temple |    259 |    215 |     44 |      0 |    201 |   1 |  259.0 |
          Lair |   6327 |   5982 |    345 |   1567 |   3424 |   5 | 1265.4 |
     Snake Pit |   1928 |   1916 |     12 |    352 |   1348 |   3 |  642.7 |
  Orcish Mines |   1912 |   1847 |     65 |    679 |    880 |   2 |  956.0 |
               +--------+--------+--------+--------+--------+-----+--------+

Top non-repeatable levels by time:
  Lair:2: 1763 daAuts
  Lair:3: 1519 daAuts
     D:4: 1503 daAuts
     D:8: 1481 daAuts
    D:14: 1409 daAuts
  Lair:5: 1358 daAuts
    D:10: 1351 daAuts
    D:15: 1259 daAuts
     D:9: 1188 daAuts
    D:13: 1133 daAuts
  Lair:1: 1101 daAuts
 Snake:2: 1097 daAuts
   Orc:2: 1083 daAuts
     D:7: 1021 daAuts
     D:1: 839 daAuts
